Map: Terraform LE (Void)

Players

Javert - Winner!

  • Race: Zerg Zerg
  • League: Platinum

MonSoOn

  • Race: Terran Terran
  • League: Gold

VOD

Have the link to the VOD?

Description

Time

  • Played on: July 21, 2015, 12:27 a.m.
  • Length: 10:06
Show
View Real Time Build Order
Export as new Build Order

Javert Zerg - Winner!

Build Orders: Hatch First 

Get SALT Encoding   

  12  0:01  Drone  
  13  0:12  Drone  
  14  0:19  Extractor  
  14  0:20  Extractor  
  12  0:22  Drone x2  
  16  0:44  Hatchery  
  15  0:50  Extractor  
  15  0:53  Overlord  
  14  1:11  Spawning Pool  
  13  1:14  Drone x2  
  15  1:19  Drone  
  16  1:26  Drone  
  17  1:39  Drone  
  18  1:54  Drone  
  18  1:58  Metabolic Boost  
  18  1:59  Queen  
  21  2:03  Queen  
  23  2:11  Zergling x4  
  25  2:17  Overlord  
  25  2:25  Drone x2  
  27  2:46  Drone x5  
  32  2:55  Overlord  
  32  3:04  Zergling x2  
  32  3:05  Zergling x2  
  35  3:20  Zergling x18  
  43  3:35  Overlord  
  43  3:41  Overlord  
  43  3:50  Drone  
  43  3:53  Queen  
  46  3:55  Hatchery  
  46  4:01  Drone x5  
  46  4:02  Drone  
  51  4:07  Drone  
  51  4:08  Drone x2  
  55  4:17  Drone x4  
  50  4:34  Drone x3  
  52  4:44  Extractor  
  48  4:46  Extractor x2  
  45  4:52  Spore Crawler  
  45  4:54  Drone x5  
  45  4:55  Lair, Drone x2  
  51  5:02  Evolution Chamber  
  51  5:03  Evolution Chamber  
  49  5:11  Drone  
  49  5:12  Drone x4  
  54  5:19  Spine Crawler  
  53  5:21  Drone  
  53  5:22  Drone x7  
  53  5:23  Drone  
  62  5:30  Zerg Missile Weapons Level 1  
  62  5:36  Zergling x4  
  62  5:37  Roach Warren, Zergling x6  
  66  5:44  Spine Crawler, Zergling x2  
  66  5:45  Overlord  
  66  5:46  Overlord  
  66  5:50  Overlord  
  66  5:56  Zerg Ground Armor Level 1  
  66  6:01  Hydralisk Den  
  65  6:05  Drone  
  65  6:06  Drone x5, Extractor x2  
  69  6:16  Glial Reconstitution  
  69  6:21  Overseer  
  69  6:25  Overlord x2  
  69  6:27  Roach x6  
  79  6:43  Roach x8  
  79  7:10  Roach  
  79  7:11  Roach x9  
  79  7:12  Queen  
  95  7:22  Muscular Augments  
  95  7:24  Burrow  
  95  7:32  Queen  
  95  7:36  Overlord x2  
  97  7:48  Queen  
  87  8:04  Roach x6  
  87  8:05  Roach x6  
  107  8:16  Spore Crawler  
  107  8:17  Spore Crawler  
  107  8:19  Spore Crawler  
  100  8:20  Hydralisk  
  100  8:21  Hydralisk x2  
  98  8:40  Roach x6  
  108  8:44  Hydralisk x4  
  114  9:07  Overlord  
  114  9:12  Overlord x2  
  114  9:27  Overlord  
  114  9:28  Overlord x3  
  114  9:34  Overlord x2  
  114  9:41  Hatchery  
Show
View Real Time Build Order
Export as new Build Order

MonSoOn Terran 

Build Orders: Reaper Expand 

Get SALT Encoding   

  12  0:01  SCV  
  13  0:13  SCV  
  14  0:17  Supply Depot  
  14  0:25  SCV  
  15  0:39  SCV  
  15  0:40  Barracks  
  16  0:46  Refinery  
  16  0:51  SCV  
  17  1:03  SCV  
  18  1:15  SCV  
  19  1:28  Orbital Command  
  19  1:30  Reaper  
  20  1:43  Command Center  
  20  1:49  Supply Depot  
  20  1:56  SCV  
  21  2:02  Reaper  
  21  2:03  Refinery  
  21  2:08  SCV  
  24  2:22  SCV  
  24  2:24  Factory  
  24  2:37  Reaper  
  24  2:38  SCV  
  27  2:51  SCV  
  27  2:54  Supply Depot  
  27  2:57  Command Center  
  27  3:19  Factory Reactor  
  27  3:22  SCV  
  27  3:30  Orbital Command  
  27  3:35  SCV  
  27  3:37  Starport  
  27  3:39  Armory  
  28  3:47  SCV  
  28  3:48  Barracks Reactor  
  29  3:57  Hellion x2  
  29  4:03  SCV  
  29  4:11  Orbital Command  
  29  4:24  Hellion  
  28  4:38  Hellion  
  28  4:43  SCV  
  25  4:46  SCV  
  26  4:55  SCV  
  26  4:57  Orbital Command  
  26  4:58  SCV  
  26  4:59  Barracks Reactor  
  28  5:03  Liberator  
  29  5:07  SCV  
  29  5:09  Hellion  
  31  5:16  SCV, Hellion  
  37  5:24  SCV  
  37  5:28  SCV  
  39  5:30  Terran Vehicle And Ship Armor Level 1  
  39  5:36  Hellion  
  39  5:37  Hellion  
  39  5:39  SCV  
  39  5:40  SCV  
  45  5:44  SCV  
  46  5:51  SCV  
  46  5:54  SCV  
  48  5:58  Hellion x2  
  48  6:00  SCV  
  48  6:01  Supply Depot, Refinery  
  48  6:02  Supply Depot  
  53  6:05  Refinery  
  53  6:07  SCV  
  54  6:14  SCV  
  55  6:19  SCV, Hellion  
  55  6:22  SCV, Hellion  
  55  6:25  Barracks Tech Lab, Liberator x2  
  61  6:29  Starport  
  61  6:33  SCV  
  62  6:41  Hellion  
  64  7:04  Hellion x2  
  62  7:11  Liberator x2  
  55  7:18  SCV x2  
  55  7:22  SCV  
  58  7:23  Starport  
  58  7:28  Supply Depot  
  64  7:30  SCV x2, Hellion x2  
  64  7:34  SCV  
  64  7:35  Banshee  
  72  7:47  Barracks Tech Lab  
  68  7:51  Supply Depot  
  64  8:05  Liberator  
  58  8:07  Hellion x2  
  64  8:25  SCV x2  
  71  8:27  Liberator  
  71  8:37  SCV x2  
  71  8:39  Banshee  
  69  8:43  Hellion x2, Orbital Command  
  73  8:50  SCV x2  
  73  9:04  Hellion  
  73  9:05  Hellion  
  75  9:13  SCV  
  76  9:21  SCV  
  77  9:28  Supply Depot  
  77  9:34  SCV, Hellion x2, Supply Depot  
  77  9:36  Starport Reactor  
  82  9:42  Starport  
Tags
 
Add a new tag
Caveats
  • Supply blocks, unpowered buildings, or Contaminate may cause inaccurate times.
  • Supply counts are checked every 10 seconds.